 Dungeon Crawl Stone Soup version 0.28-a0-1152-g9c71ebef14 (webtiles) character file.

Game seed: 444573289504942195

22860 spiderkeys the Cleaver (level 12, -12/109 HPs)
             Began as a Palentonga Abyssal Knight on Dec 14, 2021.
             Was a High Priest of Lugonu.
             Mangled by a frost giant (21 damage)
             ... in an ice cave on Dec 15, 2021.
             The game lasted 00:30:13 (11856 turns).

spiderkeys the Cleaver (Palentonga Abyssal Knight) Turns: 11856, Time: 00:30:14

Health: -12/109    AC: 24    Str: 26    XL:     12   Next: 66%
Magic:  9/17       EV:  6    Int: 17    God:    Lugonu [*****.]
Gold:   1089       SH: 15    Dex: 12    Spells: 11/11 levels left

rFire   . . .      SeeInvis +   a - +1 hand axe (drain)
rCold   . . .      Faith    .   O - +0 tower shield
rNeg    . . .      Spirit   .   D - quicksilver dragon scales {rare}
rPois   .          Reflect  .   x - +1 helmet
rElec   .          Harm     .   R - +0 cloak
rCorr   .          Rampage  .   Z - +0 pair of gloves
Will    +....                   t - +1 barding
Stlth   +.........              g - amulet of regeneration
HPRegen 1.08/turn               S - +6 ring of strength
MPRegen 0.15/turn               I - +6 ring of intelligence

@: curled up
A: large, rugged brown scales 3, see invisible, deformed body, roll 1, armoured
tail, reflexive curl
a: Rolling Charge, Renounce Religion, Depart the Abyss, Bend Space, Banish,
Corrupt, Enter the Abyss


You were in an ice cave.
You worshipped Lugonu.
Lugonu was extremely pleased with you.
You visited 1 branch of the dungeon, and saw 12 of its levels.
You visited the Abyss 1 time.
You also visited: Sewer and Ice Cave.

You collected 1089 gold pieces.


Innate Abilities, Weirdness & Mutations

You are completely covered in rugged brown scales. (AC +3, +7% HP)
You have supernaturally acute eyesight. (SInv)
Armour fits poorly on your strangely shaped body.
You can roll at nearby foes to attack.
You have a long armoured tail.
You curl defensively after being hit. (AC +7*)


   Skills:
 + Level 11.8 Fighting
 + Level 12.6 Axes
 - Level 1.5 Armour
 - Level 4.0 Dodging
 + Level 9.3 Shields
 * Level 7.0 Invocations


You had 11 spell levels left.
You didn't know any spells.
Your spell library contained the following spells:

 Spells                   Type           Power      Damage    Failure   Level
 Freeze                   Ice            0%         1d3       77%         1
 Sting                    Tmut/Pois      0%         1d3       77%         1
 Summon Small Mammal      Summ           0%         N/A       77%         1
 Poisonous Vapours        Pois/Air       0%         N/A       88%         2
 Call Canine Familiar     Summ           0%         N/A       98%         3
 Frozen Ramparts          Ice            0%         1d2       98%         3
 Gell's Gravitas          Tloc           0%         N/A       98%         3
 Lesser Beckoning         Tloc           0%         N/A       98%         3
 Summon Guardian Golem    Hex/Summ       0%         N/A       98%         3
 Teleport Other           Tloc           0%         N/A       98%         3
 Hailstorm                Conj/Ice       0%         3d3       100%        4
 Ice Form                 Ice/Tmut       0%         N/A       100%        4
 Olgreb's Toxic Radiance  Pois           0%         N/A       100%        4
 Passage of Golubria      Tloc           0%         N/A       100%        4
 Petrify                  Tmut/Erth      0%         N/A       100%        4
 Summon Ice Beast         Ice/Summ       0%         N/A       100%        4
 Metabolic Englaciation   Hex/Ice        0%         N/A       100%        5
 Silence                  Hex/Air        0%         N/A       100%        5
 Statue Form              Tmut/Erth      0%         N/A       100%        6
 Lehudib's Crystal Spear  Conj/Erth      0%         10d2      100%        8

Inventory:

Hand Weapons
 a - a +1 hand axe of draining (weapon)
 b - a +2 hand axe of freezing
   (You took it off an orc on level 9 of the Dungeon)
 s - the +7 mace of Cheese {vamp, Fragile rPois Str+2 Int+8}
   (You took it off an orc on level 12 of the Dungeon)

   It occasionally heals its wielder for a portion of the damage dealt when it
   wounds a living foe.
   Str:       It affects your strength (+2).
   Int:       It affects your intelligence (+8).
   rPois:     It protects you from poison.
   Fragile:   It will be destroyed if unequipped.
 u - a +0 fustibalus
   (You found it on level 9 of the Dungeon)
Missiles
 c - 88 stones
 e - 21 poisoned darts
 h - 119 arrows
 i - 4 silver javelins
 w - 98 sling bullets
 K - 2 datura-tipped darts
 Q - 5 boomerangs
 X - a curare-tipped dart {=f}
Armour
 t - a +1 barding (worn)
   (You found it on level 3 of the Dungeon)
 x - a +1 helmet (worn)
   (You found it on level 4 of the Dungeon)
 C - a +0 crystal plate armour {rare}
   (You found it in an ice cave)
 D - quicksilver dragon scales (worn) {rare}
   (You found it on level 5 of the Dungeon)
 N - +0 steam dragon scales
   (You took it off Maggie on level 6 of the Dungeon)
 O - a +0 tower shield (worn)
   (You found it on level 5 of the Dungeon)
 R - a +0 cloak (worn)
   (You found it on level 9 of the Dungeon)
 Z - a +0 pair of gloves (worn)
   (You found it on level 4 of the Dungeon)
Jewellery
 g - an amulet of regeneration (around neck)
   (You found it on level 2 of the Dungeon)
 A - an amulet of the acrobat
   (You found it on level 10 of the Dungeon)
 I - a +6 ring of intelligence (right hand)
   (You found it on level 12 of the Dungeon)
 S - a +6 ring of strength (left hand)
   (You found it on level 3 of the Dungeon)
Wands
 n - a wand of charming (5)
   (You took it off Ijyb on level 4 of the Dungeon)
 o - a wand of flame (22)
   (You found it on level 2 of the Dungeon)
 B - a wand of polymorph (9)
   (You found it on level 4 of the Dungeon)
 H - a wand of mindburst (41)
   (You found it on level 7 of the Dungeon)
 M - a wand of iceblast (10)
   (You took it off Maggie on level 6 of the Dungeon)
 U - a wand of acid (8)
   (You found it on level 8 of the Dungeon)
Scrolls
 f - 6 scrolls of teleportation {@r4}
 j - 3 scrolls of brand weapon
 l - a scroll of torment {!r}
 m - 3 scrolls of amnesia
 p - 2 scrolls of immolation {!r!r}
 v - 2 scrolls of enchant weapon
 y - 3 scrolls of vulnerability {!r!r}
 J - 3 scrolls of fear
 T - 3 scrolls of holy word
 Y - a scroll of blinking {!r}
Potions
 d - 4 potions of mutation {unknown}
 k - 3 potions of heal wounds {unknown}
 q - 3 potions of attraction {unknown}
 r - 7 potions of curing {@q1}
 z - 2 potions of flight {unknown}
 F - 2 potions of might
 G - 2 potions of haste {@q3}
 L - 2 potions of magic {unknown}
 P - 12 potions of degeneration {!q}
 V - a potion of berserk rage {unknown}
Miscellaneous
 E - a piece from Xom's chessboard (15/15)
   (You found it in a sewer)

Dungeon Overview and Level Annotations

Branches:
Dungeon (12/15)            Temple (0/1) D:6            Lair (0/6) D:10
    Orc (0/2) D:9           Sewer (visited)           IceCv (1/1)

Altars:
Dithmenos
Gozag
Hepliaklqana
Qazlal
Xom
Zin
The Shining One

Portals:
Trove: D:11 (show slimy rune of Zot)

.$ ##### .###
####...### ...##
###....#...## h...#
##.....####..###.hh#
##.....#####.†##CYY#
..†.######...##..###
...## #..⌠..###C.#
.### ##[..#.#@###
######## ######.##
.##....### ###
#....#...###
#######....###
####...## ##...####
## ##.....## .#
##.....#.##


You could see a frost giant.


Message History

The polar bear growls angrily.
The frost giant shouts!
The polar bear growls angrily.
The death yak bellows!
The polar bear growls angrily.
A polar bear comes into view. 😎 HP[+28]
Your hp is fully restored (109).
Okay, then.
That's the wrong kind of item! (Use * to select it.) Evoke which item? (* to show all) (? for menu, Esc to quit)
Okay, then.
Aiming: Corrosive Bolt
Press: ? - help, Shift-Dir - straight line, f - death yak
Aim: a death yak (90% to hit)
The bolt of acid hits the death yak!!
The acid corrodes the death yak!
The bolt of acid hits the frost giant!
The bolt of acid hits the death yak!
The acid corrodes the death yak!
You block the polar bear's attack.
The polar bear claws you but does no damage.
You block the polar bear's attack. The death yak gores you. 😕 HP[-1]
You take 1 damage, and now have 108/109 hp.
Aiming: Corrosive Bolt
Press: ? - help, Shift-Dir - straight line, f - frost giant, p - death yak
Aim: a frost giant, wielding a +0 battleaxe of freezing (lightly wounded, 98% to hit)
The bolt of acid misses the death yak.
The bolt of acid hits the frost giant.
The acid corrodes the frost giant!
The polar bear bites you. You block the polar bear's attack.
The polar bear claws you but does no damage.
The death yak snorts and paws the ground.
The death yak gores you but does no damage.
Okay, then.
You slash the death yak! You hit the polar bear.
You block the polar bear's attack. x2; The polar bear closely misses you. 😎 HP[+1]
Your hp is fully restored (109).
You slash the death yak! You hit the polar bear. You drain the polar bear.
You block the death yak's attack. The frost giant casts a spell at you.
The bolt of cold hits the polar bear!
The polar bear resists.
The bolt of cold hits you!
The polar bear bites you but does no damage.
The polar bear claws you but does no damage.
You block the polar bear's attack. 😕 HP[-11]
You take 11 damage, and now have 98/109 hp.
You slash the death yak! You drain the death yak.
You tail-slap the death yak, but do no damage.
You hit the polar bear. You drain the polar bear.
The frost giant gestures at you while chanting.
The bolt of cold hits the polar bear!
The polar bear resists.
The bolt of cold hits you!!!
* * * LOW HITPOINT WARNING * * *
The death yak barely misses you. 😨 HP[-51]
You take 51 damage, and now have 47/109 hp.
MASSIVE DAMAGE!! (PAUSE) 😨 HP[+1]
The polar bear goes berserk! 😨 HP[+1]
You completely miss the polar bear. You tail-slap the polar bear.
You block the polar bear's attack.
The polar bear claws you but does no damage.
You block the polar bear's attack. 😨 HP[+1]
You hit the polar bear but do no damage.
You drain the polar bear.
You kill the polar bear!
Lugonu accepts your kill. 😨 HP[+1]
Press: ? - help, Shift-Dir - straight line, f/p - frost giant
Aim: a frost giant, wielding a +0 battleaxe of freezing (lightly wounded, covered in acid, chance to affect: 37%)
Okay, then.
Okay, then.
Press: ? - help, Shift-Dir - straight line, f/p - frost giant
Aim: a frost giant, wielding a +0 battleaxe of freezing (lightly wounded, covered in acid, chance to affect: 37%)
The frost giant easily resists.
The frost giant hits you with a +0 battleaxe of freezing!!
* * * LOW HITPOINT WARNING * * *
The frost giant freezes you.
* * * LOW HITPOINT WARNING * * *
😱 HP[-34] MP[-4]
You take 34 damage, and now have 17/109 hp.
MASSIVE DAMAGE!! (PAUSE)
You lost 4 mp, and now have 13/17 mp.
Okay, then.
Press: ? - help, Shift-Dir - straight line, f/p - frost giant
Aim: a frost giant, wielding a +0 battleaxe of freezing (lightly wounded, covered in acid, chance to affect: 37%)
You fail to use your ability.
The frost giant hits you with a +0 battleaxe of freezing!
* * * LOW HITPOINT WARNING * * *
The frost giant freezes you.
* * * LOW HITPOINT WARNING * * *
😱 HP[-9]
You take 9 damage, and now have 8/109 hp.
Unknown command.
Press: ? - help, Shift-Dir - straight line, f/p - frost giant
Aim: a frost giant, wielding a +0 battleaxe of freezing (lightly wounded, covered in acid, chance to affect: 37%)
The frost giant easily resists.
The frost giant is no longer covered in acid.
The frost giant hits you with a +0 battleaxe of freezing!!
You die...

Skill      XL: |  1  2  3  4  5  6  7  8  9 10 11 12 |
---------------+-------------------------------------+-----
Dodging        | 1 2 3 4 |  4.0
Axes           | 3 4 5 6 8 9 10 12 | 12.6
Fighting       | 4 5 6 8 9 11 | 11.8
Shields        | 1 2 4 5 7 8 9 |  9.3
Invocations    | 3 7 |  7.0
Armour         | |  1.5

Action                   |  1- 3 |  4- 6 |  7- 9 | 10-12 || total
-------------------------+-------+-------+-------+-------++-------
Melee: Hand axe          |   100 |   204 |   270 |   723 ||  1297
       Tailslap          |    17 |    27 |    53 |   164 ||   261
 Fire: Fustibalus        |       |       |       |    23 ||    23
Throw: Dart              |       |       |     8 |    18 ||    26
Invok: Depart the Abyss  |     1 |       |       |       ||     1
       Bend Space        |       |     1 |     1 |     3 ||     5
       Banish            |       |       |     1 |     5 ||     6
 Abil: Rolling Charge    |    20 |     8 |     6 |    14 ||    48
Evoke: Wand              |       |     2 |     2 |     5 ||     9
       Piece from Xom's  |       |       |       |     1 ||     1
  Use: Scroll            |       |     6 |     8 |     6 ||    20
 Stab: Sleeping          |     2 |       |       |       ||     2
Armor: Leather armour    |    29 |    87 |     9 |       ||   125
       Quicksilver drago |       |       |   150 |   368 ||   518
Dodge: Dodged            |    38 |    66 |    93 |   143 ||   340
Block: Buckler           |       |    18 |    56 |    13 ||    87
       Tower shield      |       |       |       |   548 ||   548

Levels and vault maps discovered:
D:1:      shiori_arrival_elements, layout_basic
D:2:      layout_basic, chequers_ecumenical_altar_grove
D:3:      minmay_thinvault, layout_basic, mainiacjoe_overflow_alcove_3,
          uniq_grinder
D:4:      layout_loops_cross, uniq_pikel, uniq_ijyb
D:5:      layout_basic, nicolae_gozag_seed_capital, gup_sewer_entry_bubbles,
          uniq_eustachio
D:6:      layout_basic, temple_green, grunt_ministairs_5, minmay_misc_feat_five,
          uniq_maggie
D:7:      layout_layer_cave, serial_park_tiny_pond
D:8:      minmay_angry_zag, layout_gridville,
          nicolae_dithmenos_through_a_glass_darkly
D:9:      layout_layer_cave, amcnicky_altar_gilded, erik_orc_1
D:10:     layout_basic, david_lair_generic, wad_floor_pattern_untrapped,
          hex_large
D:11:     layout_basic, nicolae_trove_entry_crossroad
D:12:     layout_cave_pods, portal_ice_cave_entry_pillars_1,
          grunt_decor_junction, minmay_bent, uniq_psyche
IceCv:    ice_cave_caverns_01

Notes
Turn   | Place    | Note
-------+----------+-------------------------------------------
     0 | Abyss:1  | spiderkeys the Palentonga Abyssal Knight began the quest
                  | for the Orb.
     0 | Abyss:1  | Reached XP level 1. HP: 19/19 MP: 2/2
     0 | Abyss:1  | magus.rc [v1.9.10]
     0 | Abyss:1  | Found a corrupted altar of Lugonu.
   109 | Abyss:1  | Noticed an iron imp
   134 | Abyss:1  | Noticed a tentacled starspawn
   147 | Abyss:1  | Noticed a neqoxec
   183 | Abyss:1  | Noticed a large abomination
   186 | Abyss:1  | Noticed a wraith
   210 | D:1      | You pass through the gate.
   210 | D:1      | Escaped the Abyss
   373 | D:1      | Reached * piety under Lugonu
   380 | D:1      | Reached skill level 1 in Dodging
   448 | D:1      | Reached XP level 2. HP: 20/25 MP: 3/3
  1067 | D:2      | Reached XP level 3. HP: 31/31 MP: 4/4
  1116 | D:2      | Reached skill level 3 in Axes
  1340 | D:2      | Reached ** piety under Lugonu
  1363 | D:2      | Found a faded altar of an unknown god.
  1540 | D:3      | Reached XP level 4. HP: 37/37 MP: 5/5
  1865 | D:3      | Found a shimmering altar of Xom.
  1867 | D:3      | Found a hazy altar of Hepliaklqana.
  1869 | D:3      | Found a glowing golden altar of the Shining One.
  1870 | D:3      | Found a stormy altar of Qazlal.
  1935 | D:3      | Noticed a scorpion
  1954 | D:3      | Killed a scorpion
  1955 | D:3      | Reached skill level 4 in Fighting
  1955 | D:3      | Reached skill level 4 in Axes
  1955 | D:3      | Reached skill level 2 in Dodging
  1955 | D:3      | Reached XP level 5. HP: 32/44 MP: 6/6
  2332 | D:3      | Noticed Grinder
  2344 | D:3      | Paralysed by Grinder for 6 turns
  2357 | D:3      | Killed Grinder
  2358 | D:3      | Reached skill level 5 in Axes
  2358 | D:3      | Reached skill level 1 in Shields
  2358 | D:3      | Reached XP level 6. HP: 33/52 MP: 7/7
  2823 | D:4      | Reached *** piety under Lugonu
  2869 | D:4      | Noticed Ijyb
  2893 | D:4      | Killed Ijyb
  2964 | D:4      | Noticed Pikel
  3005 | D:3      | magus.rc [v1.9.10]
  3366 | D:4      | Killed Pikel
  3367 | D:4      | Reached skill level 5 in Fighting
  3367 | D:4      | Reached skill level 6 in Axes
  3367 | D:4      | Reached skill level 3 in Dodging
  3367 | D:4      | Reached skill level 2 in Shields
  3367 | D:4      | Gained mutation: You curl defensively after being hit. (AC
                  | +7*) [Palentonga growth]
  3367 | D:4      | Reached XP level 7. HP: 51/59 MP: 8/8
  3368 | D:4      | Reached XP level 8. HP: 58/66 MP: 9/9
  3653 | D:5      | Entered Level 5 of the Dungeon
  3775 | D:5      | D - quicksilver dragon scales {rare}
  3786 | D:5      | You finish putting on your quicksilver dragon scales
                  | {rare}.
  3824 | D:5      | Found a glowing drain.
  3839 | Sewer    | Entered a sewer
  3880 | Sewer    | Noticed Pargi
  3888 | Sewer    | Killed Pargi
  3996 | D:5      | Noticed Eustachio
  4004 | D:5      | Killed Eustachio
  4071 | D:5      | Found an opulent altar of Gozag.
  4120 | D:5      | Reached skill level 7 in Axes
  4347 | D:5      | Reached **** piety under Lugonu
  4420 | D:6      | Noticed a hornet
  4421 | D:6      | Banished a hornet
  4422 | D:6      | Reached skill level 4 in Dodging
  4422 | D:6      | Reached skill level 3 in Shields
  4428 | D:6      | Reached skill level 6 in Fighting
  4584 | D:6      | Noticed Maggie
  4600 | D:6      | Killed Maggie
  4601 | D:6      | Reached skill level 8 in Axes
  4601 | D:6      | Reached skill level 4 in Shields
  4601 | D:6      | Reached XP level 9. HP: 59/75 MP: 10/10
  4614 | D:6      | You finish taking off your quicksilver dragon scales
                  | {rare}.
  4629 | D:6      | You finish putting on your quicksilver dragon scales
                  | {rare}.
  4972 | D:6      | Found a staircase to the Ecumenical Temple.
  5222 | D:7      | You pick up a book of Rime and begin reading...
  5222 | D:7      | You add the spells Frozen Ramparts, Ice Form and Summon Ice
                  | Beast to your library.
  5342 | D:7      | Reached skill level 7 in Fighting
  6191 | D:8      | You pick up a book of the Moon and begin reading...
  6191 | D:8      | You add the spells Passage of Golubria, Silence and
                  | Lehudib's Crystal Spear to your library.
  6281 | D:8      | Reached skill level 5 in Shields
  6340 | D:8      | Reached skill level 9 in Axes
  6391 | D:8      | You pick up a book of Frost and begin reading...
  6391 | D:8      | You add the spells Freeze and Hailstorm to your library.
  6493 | D:8      | Reached skill level 8 in Fighting
  6536 | D:8      | Noticed a two-headed ogre
  6610 | D:8      | Killed a two-headed ogre
  6611 | D:8      | Reached XP level 10. HP: 51/86 MP: 9/11
  6785 | D:8      | Noticed a two-headed ogre
  6797 | D:8      | Killed a two-headed ogre
  6798 | D:8      | Reached skill level 6 in Shields
  6842 | D:8      | Found a shadowy altar of Dithmenos.
  7503 | D:9      | Reached skill level 10 in Axes
  7789 | D:9      | Reached skill level 9 in Fighting
  8230 | D:9      | Found a glowing silver altar of Zin.
  8269 | D:9      | Banished a titanic slime creature
  8363 | D:9      | Noticed a two-headed ogre
  8371 | D:9      | Killed a two-headed ogre
  8372 | D:9      | Reached skill level 7 in Shields
  8691 | D:9      | Found a staircase to the Orcish Mines.
  8699 | D:9      | Reached XP level 11. HP: 83/96 MP: 12/12
  8979 | D:10     | Entered Level 10 of the Dungeon
  9005 | D:10     | You pick up a book of Callings and begin reading...
  9005 | D:10     | You add the spells Summon Small Mammal, Call Canine
                  | Familiar and Summon Guardian Golem to your library.
  9111 | D:10     | You pick up a book of Displacement and begin reading...
  9111 | D:10     | You add the spells Lesser Beckoning, Gell's Gravitas and
                  | Teleport Other to your library.
  9176 | D:10     | Found a staircase to the Lair.
  9195 | D:10     | Reached skill level 10 in Fighting
  9254 | D:10     | Paralysed by a hornet for 1 turns
  9260 | D:10     | Reached skill level 11 in Axes
  9336 | D:10     | Reached ***** piety under Lugonu
  9843 | D:11     | Found a portal to a secret trove of treasure.
  9854 | D:11     | Noticed a two-headed ogre
  9864 | D:11     | Killed a two-headed ogre
  9920 | D:11     | This trove requires the presence of the slimy rune of Zot
                  | to function. Show it the item?
  9987 | D:11     | Noticed a two-headed ogre
  9996 | D:11     | Killed a two-headed ogre
 10097 | D:11     | Reached skill level 8 in Shields
 10120 | D:11     | Noticed a centaur warrior
 10122 | D:11     | Noticed a two-headed ogre
 10140 | D:11     | Banished a centaur warrior
 10154 | D:11     | Killed a two-headed ogre
 10337 | D:11     | Noticed a purple ugly thing
 10353 | D:11     | Killed a purple ugly thing
 10373 | D:11     | You add the spells Sting, Poisonous Vapours and Olgreb's
                  | Toxic Radiance to your library.
 10521 | D:11     | Reached skill level 11 in Fighting
 10686 | D:12     | Noticed a deep elf pyromancer
 10689 | D:12     | Noticed a red ugly thing
 10691 | D:12     | Noticed a cyan ugly thing
 10694 | D:12     | Noticed an orc knight
 10699 | D:12     | Noticed a deep elf knight
 10705 | D:12     | Killed a deep elf pyromancer
 10720 | D:12     | Killed a deep elf knight
 10721 | D:12     | Reached skill level 12 in Axes
 10849 | D:12     | Identified the +7 mace of Cheese {vamp, Fragile rPois Str+2
                  | Int+8}
 10883 | D:12     | Reached skill level 3 in Invocations
 10928 | D:12     | Reached XP level 12. HP: 105/107 MP: 14/14
 10929 | D:12     | Found a frozen archway.
 10938 | IceCv    | Entered an ice cave
 11028 | IceCv    | Reached skill level 4 in Invocations
 11048 | IceCv    | Noticed a death yak
 11075 | IceCv    | Killed a death yak
 11164 | IceCv    | Reached skill level 5 in Invocations
 11334 | IceCv    | Reached skill level 9 in Shields
 11386 | IceCv    | Identified a +0 crystal plate armour
 11389 | IceCv    | You pick up a book of Sloth and begin reading...
 11389 | IceCv    | You add the spells Petrify, Metabolic Englaciation and
                  | Statue Form to your library.
 11393 | IceCv    | C - a +0 crystal plate armour {rare}
 11617 | IceCv    | Noticed a death yak
 11629 | IceCv    | Reached skill level 6 in Invocations
 11648 | IceCv    | Killed a death yak
 11786 | IceCv    | Noticed a death yak
 11786 | IceCv    | Noticed a death yak
 11801 | IceCv    | Killed a death yak
 11805 | IceCv    | Killed a death yak
 11806 | IceCv    | Reached skill level 7 in Invocations
 11844 | IceCv    | Noticed a death yak
 11844 | IceCv    | Noticed a frost giant
 11844 | IceCv    | Noticed a death yak
 11854 | IceCv    | HP: 21/109 [frost giant (31)]
 11855 | IceCv    | HP: 9/109 [frost giant (9)]
 11856 | IceCv    | Mangled by a frost giant

Vanquished Creatures
  6 two-headed ogres
  4 death yaks (IceCv)
  Pikel (D:4)
  A deep elf pyromancer (D:12)
  An ugly thing (D:11)
  A cyclops (D:12)
  Maggie (D:6)
  An ice statue (IceCv)
  A gargoyle (D:11)
  2 unseen horrors
  5 polar bears (IceCv)
  2 hornets
  23 yaks
  2 shadows
  2 wraiths (D:11)
  2 wyverns
  Eustachio (D:5)
  A basilisk (D:10)
  A steam dragon (D:9)
  An acid dragon (D:6)
  A water moccasin (D:8)
  6 orc warriors
  A swamp drake (D:9)
  An ice beast (D:6)
  Pargi (Sewer)
  3 black bears
  16 wolves (IceCv)
  8 centaurs
  3 kobold brigands
  3 lemures
  2 bullfrogs
  A scorpion (D:3)
  A water moccasin skeleton (D:6)
  A howler monkey (D:8)
  4 centaur zombies
  A jelly (D:6)
  A gnoll shaman (D:6)
  10 orc priests
  3 hounds
  2 iguanas
  Ijyb (D:4)
  20 orc wizards
  A scorpion zombie (D:5)
  A killer bee zombie (D:8)
  A hound skeleton (D:5)
  2 howler monkey zombies
  A howler monkey skeleton (D:6)
  11 gnolls
  8 adders
  2 river rats (D:5)
  A white imp (D:7)
  6 worms
  2 dart slugs
  53 orcs
  12 endoplasms
  A giant cockroach (D:4)
  8 goblins
  10 hobgoblins
  4 jackals
  6 quokkas
  5 ball pythons
  10 bats
  5 frilled lizards (D:1)
  8 kobolds
  11 rats
318 creatures vanquished.

Vanquished Creatures (collateral kills)
  Grinder (D:3)
1 creature vanquished.

Vanquished Creatures (others)
  A deep elf knight (D:12)
  A fungus (D:10)
2 creatures vanquished.

Grand Total: 321 creatures vanquished

Table legend:
 A = Non-vault XP
 B = Vault XP
 C = Vault XP percentage of total XP
 D = Non-vault monster count
 E = Vault monster count
 F = Vault count percentage of total count
                 A         B        C        D         E       F
            +---------+---------+-------+---------+---------+-------
      Total |   16133 |   16525 |  50.6 |     206 |     114 |  35.6
            +---------+---------+-------+---------+---------+-------
        D:1 |      40 |       0 |   0.0 |      27 |       0 |   0.0
        D:2 |      40 |       0 |   0.0 |      12 |       0 |   0.0
        D:3 |     154 |     391 |  71.7 |      23 |      18 |  43.9
        D:4 |      70 |     733 |  91.3 |      11 |       2 |  15.4
        D:5 |     197 |     245 |  55.4 |      10 |       8 |  44.4
        D:6 |     707 |     812 |  53.5 |      12 |       6 |  33.3
        D:7 |     421 |       0 |   0.0 |      17 |       0 |   0.0
        D:8 |    1937 |    1451 |  42.8 |      15 |       7 |  31.8
        D:9 |    3136 |     588 |  15.8 |      29 |      17 |  37.0
       D:10 |    1475 |     762 |  34.1 |      13 |       4 |  23.5
       D:11 |    6022 |       0 |   0.0 |      23 |       0 |   0.0
       D:12 |    1934 |     982 |  33.7 |      14 |       2 |  12.5
      Sewer |       0 |     139 | 100.0 |       0 |       6 | 100.0
      IceCv |       0 |   10422 | 100.0 |       0 |      44 | 100.0
            +---------+---------+-------+---------+---------+-------

Illustrated notes

Table legend:
 A = Kills in this place as a percentage of kills in entire the game.
 B = Kills by you in this place as a percentage of kills by you in the entire game.
 C = Kills by friends in this place as a percentage of kills by friends in the entire game.
 D = Other kills in this place as a percentage of other kills in the entire game.
 E = Experience gained in this place as a percentage of experience gained in the entire game.
 F = Experience gained in this place divided by the number of levels of this place that you have seen.
                   A       B       C       D       E      F
               +-------+-------+-------+-------+-------+----------------------
         Total | 100.0 | 100.0 | 100.0 | 100.0 | 100.0 | 2177.2
       Dungeon |  84.4 |  84.1 | 100.0 | 100.0 |  67.7 | 1841.4
         Sewer |   1.9 |   1.9 |   0.0 |   0.0 |   0.4 | 139.0
      Ice Cave |  13.8 |  14.0 |   0.0 |   0.0 |  31.9 | 10422.0
               +-------+-------+-------+-------+-------+----------------------

Table legend: (Time is in decaauts)
 A = Elapsed time spent in this place.
 B = Non-inter-level travel time spent in this place.
 C = Inter-level travel time spent in this place.
 D = Time resting spent in this place.
 E = Time spent auto-exploring this place.
 F = Levels seen in this place.
 G = Mean time per level.
                   A        B        C        D        E       F      G
               +--------+--------+--------+--------+--------+-----+--------+
         Total |  11880 |  11270 |    610 |    520 |   7704 |  15 |  792.0 |
       Dungeon |  10665 |  10055 |    610 |    297 |   7431 |  12 |  888.8 |
         Abyss |    212 |    212 |      0 |      0 |    107 |   1 |  212.0 |
         Sewer |    103 |    103 |      0 |      0 |     54 |   1 |  103.0 |
      Ice Cave |    899 |    899 |      0 |    223 |    112 |   1 |  899.0 |
               +--------+--------+--------+--------+--------+-----+--------+

Top non-repeatable levels by time:
     D:9: 1759 daAuts
     D:3: 1396 daAuts
     D:8: 1083 daAuts
    D:11: 1053 daAuts
     D:7: 1027 daAuts
   IceCv: 899 daAuts
     D:1: 840 daAuts
     D:4: 794 daAuts
    D:10: 701 daAuts
     D:5: 688 daAuts
     D:6: 662 daAuts
     D:2: 453 daAuts
 Abyss:1: 212 daAuts
    D:12: 205 daAuts
   Sewer: 103 daAuts
